 Dungeon Crawl Stone Soup version 0.29-a0-717-g6dac4ea423 (webtiles) character file.

Game seed: 9026100288503374154

596 polve the Agent of Entropy (level 7, -2/55 HPs)
             Began as a Demonspawn Abyssal Knight on June 26, 2022.
             Was a Priest of Lugonu.
             Slain by Duvessa
             ... wielding a +0 rapier
              (13 damage)
             ... on level 4 of the Dungeon.
             The game lasted 00:04:15 (5130 turns).

polve the Agent of Entropy (DsAK)                   Turns: 5130, Time: 00:04:15

Health: -2/55      AC:  6    Str: 14 (15) XL:     7   Next: 17%
Magic:  13/13      EV: 11    Int: 11      God:    Lugonu [***...]
Gold:   157        SH:  0    Dex: 12 (14) Spells: 6/6 levels left

rFire   . . .      SeeInvis .   a - +1 dagger (venom)
rCold   . . .      Faith    .   (no shield)
rNeg    + . .      Spirit   .   b - +0 leather armour
rPois   +          Reflect  .   w - +0 helmet
rElec   .          Harm     .   (no cloak)
rCorr   .          Rampage  .   (no gloves)
Will    .....                   (no boots)
Stlth   +.........              s - amulet of regeneration
HPRegen 0.98/turn               k - ring of poison resistance
MPRegen 0.26/turn               p - ring of positive energy

@: confused, ambrosia-drunk
A: thin metallic scales 1, magic regeneration, condensation shield
a: Renounce Religion, Depart the Abyss, Bend Space, Banish


You were on level 4 of the Dungeon.
You worshipped Lugonu.
Lugonu was most pleased with you.
You visited 1 branch of the dungeon, and saw 4 of its levels.
You visited the Abyss 1 time.

You collected 157 gold pieces.

Inventory:

Hand Weapons
 a - a +1 dagger of venom (weapon)
Armour
 b - a +0 leather armour (worn)
 w - a +0 helmet (worn)
Jewellery
 c - a ring of fire
 k - a ring of poison resistance (left hand)
 p - a ring of positive energy (right hand)
 s - an amulet of regeneration (around neck)
 x - a ring of ice
Scrolls
 d - a scroll of summoning {unknown}
 e - 4 scrolls of teleportation
 g - a scroll of amnesia {unknown}
 j - a scroll of immolation {unknown}
 m - a scroll of vulnerability {unknown}
 n - a scroll of fear
 o - a scroll of identify
 r - a scroll of magic mapping {unknown}
Potions
 f - a potion of curing
 h - 2 potions of might
 v - a potion of invisibility


   Skills:
 + Level 4.3 Fighting
 - Level 4.0 Short Blades
 - Level 1.7 Armour
 - Level 0.8 Dodging
 - Level 8.0 Invocations


You had 6 spell levels left.
You didn't know any spells.
Your spell library was empty.

Dungeon Overview and Level Annotations

Branches:
Dungeon (4/15)
 Temple: D:4-7

Altars:
Fedhas

Annotations:
D:4 Dowan, Duvessa


Innate Abilities, Weirdness & Mutations

You are partially covered in thin metallic scales. (AC +2)
You regenerate magic rapidly.
A meltable shield of frost defends you. (SH +4)


Message History

Duvessa attacks as you move away! Duvessa hits you but does no damage.
You hit Duvessa but do no damage.
Duvessa is poisoned.
Duvessa barely misses you.
You barely miss Duvessa.
Duvessa is lightly wounded.
Duvessa hits you with a +0 rapier.
You hit Duvessa but do no damage.
Duvessa looks as sick as possible!
Duvessa is lightly wounded.
You hit Duvessa but do no damage.
Duvessa looks as sick as possible!
Duvessa is lightly wounded.
Duvessa gestures with her weapon.
Duvessa hits you with a +0 rapier!
You closely miss Duvessa.
Duvessa is lightly wounded.
Duvessa hits you with a +0 rapier.
You hit Duvessa but do no damage.
Duvessa looks as sick as possible!
Duvessa is moderately wounded.
Duvessa hits you with a +0 rapier.
You barely miss Duvessa.
Duvessa is moderately wounded.
Duvessa hits you but does no damage.
You hit Duvessa but do no damage.
Duvessa looks as sick as possible!
Duvessa is moderately wounded.
You hit Duvessa but do no damage.
Duvessa looks as sick as possible!
Duvessa is moderately wounded.
You block Duvessa's attack.
You closely miss Duvessa.
Duvessa is heavily wounded.
Duvessa hits you with a +0 rapier.
You hit Duvessa but do no damage.
Duvessa looks as sick as possible!
Duvessa is heavily wounded.
Duvessa hits you with a +0 rapier!
* * * LOW HITPOINT WARNING * * *
You are confused.
You feel invigorated. Duvessa hits you with a +0 rapier!
* * * LOW HITPOINT WARNING * * *
You closely miss Duvessa.
Duvessa is heavily wounded.
Duvessa hits you with a +0 rapier!
You die...

#######
+.@eKg#############
#####g..........Ke.
#.#......######
#.#.###........
#.#.#..........
#.#..l.........
#.######[######
.>.............
###############


You could see Duvessa (extremely poisoned), 2 gnolls and a kobold.

Vanquished Creatures
  Menkaure (D:4)
  2 phantoms
  A gnoll shaman (D:4)
  A hound (D:3)
  Terence (D:2)
  An orc wizard (D:2)
  Natasha (thrice) (D:2)
  An iguana (D:4)
  6 gnolls
  An adder (D:3)
  A worm (D:3)
  3 dart slugs
  3 orcs
  4 bats (D:2)
  4 endoplasms
  6 giant cockroaches
  5 hobgoblins
  3 jackals (D:2)
  5 kobolds
  A quokka (D:2)
  5 ball pythons
  2 frilled lizards
  A goblin (D:2)
  3 rats
64 creatures vanquished.

Notes
Turn   | Place    | Note
-------+----------+-------------------------------------------
     0 | Abyss:1  | polve the Demonspawn Abyssal Knight began the quest for the
                  | Orb.
     0 | Abyss:1  | Reached XP level 1. HP: 18/18 MP: 2/2
   173 | D:1      | Escaped the Abyss
   574 | D:1      | Gained mutation: You are partially covered in thin metallic
                  | scales. (AC +2) [demonic ancestry]
   574 | D:1      | Reached XP level 2. HP: 24/24 MP: 3/3
  1724 | D:2      | Noticed Natasha
  1737 | D:2      | Killed Natasha
  1738 | D:2      | Reached XP level 3. HP: 14/29 MP: 4/4
  2022 | D:2      | Noticed Terence
  2041 | D:2      | Killed Terence
  2042 | D:2      | Reached skill level 3 in Invocations
  2042 | D:2      | Reached XP level 4. HP: 8/35 MP: 4/6
  2167 | D:2      | Noticed Natasha
  2179 | D:2      | Killed Natasha
  2616 | D:2      | Reached skill level 4 in Invocations
  2872 | D:2      | Gained mutation: You regenerate magic rapidly. [demonic
                  | ancestry]
  2872 | D:2      | Reached XP level 5. HP: 33/41 MP: 8/8
  2977 | D:2      | Noticed Natasha
  2984 | D:2      | Killed Natasha
  2985 | D:2      | Reached skill level 5 in Invocations
  3358 | D:2      | Found a faded altar of an unknown god.
  3494 | D:3      | Reached *** piety under Lugonu
  3855 | D:3      | Found a blossoming altar of Fedhas.
  4198 | D:3      | Reached skill level 6 in Invocations
  4759 | D:4      | Noticed a phantom
  4766 | D:4      | Noticed Menkaure
  4805 | D:4      | Killed a phantom
  4806 | D:4      | Reached skill level 7 in Invocations
  4806 | D:4      | Gained mutation: A meltable shield of frost defends you.
                  | (SH +4) [demonic ancestry]
  4806 | D:4      | Reached XP level 6. HP: 47/47 MP: 9/11
  4809 | D:4      | Killed Menkaure
  4810 | D:4      | Reached skill level 8 in Invocations
  4843 | D:4      | Noticed Duvessa
  4848 | D:4      | Noticed Dowan
  4879 | D:4      | HP: 2/47 [gnoll/+0 spear[a gnoll shaman] (5)]
  5038 | D:3      | Reached XP level 7. HP: 19/54 MP: 13/13
  5130 | D:4      | Slain by Duvessa

Illustrated notes

Levels and vault maps discovered:
D:1:      psy_arrival_dodecagon, layout_basic
D:2:      layout_loops_ring, dreamdust_ecumenical_altar_statues,
          dreamdust_princess_corridor, uniq_natasha, uniq_terence
D:3:      layout_rooms, fedhas_ov_isle_minmay, minmay_misc_feat_x
D:4:      layout_basic, uniq_menkaure, uniq_duvessa

Skill      XL: |  1  2  3  4  5  6 |
---------------+-------------------+-----
Short Blades   | 2 3 4 |  4.0
Invocations    | 3 4 7 8 |  8.0
Fighting       | 4 |  4.3
Armour         | |  1.7
Dodging        | |  0.8

Action                   |  1- 3 |  4- 6 |  7- 9 || total
-------------------------+-------+-------+-------++-------
Melee: Short sword       |    20 |       |       ||    20
       Dagger            |    58 |   231 |    18 ||   307
       Punch             |       |     2 |       ||     2
Invok: Depart the Abyss  |     1 |       |       ||     1
       Bend Space        |       |       |     1 ||     1
  Use: Potion            |       |     7 |     1 ||     8
       Scroll            |       |       |     4 ||     4
 Stab: Sleeping          |     2 |       |       ||     2
       Invisible         |       |     1 |       ||     1
Armor: Leather armour    |    23 |    49 |     7 ||    79
Dodge: Dodged            |    32 |    95 |     6 ||   133
Block: Other             |       |    11 |     4 ||    15

Table legend: (Time is in decaauts)
 A = Elapsed time spent in this place.
 B = Non-inter-level travel time spent in this place.
 C = Inter-level travel time spent in this place.
 D = Time resting spent in this place.
 E = Time spent auto-exploring this place.
 F = Levels seen in this place.
 G = Mean time per level.
                   A        B        C        D        E       F      G
               +--------+--------+--------+--------+--------+-----+--------+
         Total |   5055 |   4861 |    194 |      0 |   4227 |   5 | 1011.0 |
       Dungeon |   4882 |   4688 |    194 |      0 |   4054 |   4 | 1220.5 |
         Abyss |    173 |    173 |      0 |      0 |    173 |   1 |  173.0 |
               +--------+--------+--------+--------+--------+-----+--------+

Top non-repeatable levels by time:
     D:2: 2150 daAuts
     D:1: 1424 daAuts
     D:3: 1008 daAuts
     D:4: 299 daAuts
 Abyss:1: 173 daAuts
